 Dungeon Crawl Stone Soup version 0.23-a0-275-g0cf4261 (webtiles) character file.

203 toffzen the Grave Robber (level 5, -2/45 HPs)
             Began as a Deep Dwarf Necromancer on Oct 2, 2018.
             Killed from afar by an orc wizard (4 damage)
             ... with a puff of flame
             ... on level 2 of the Dungeon.
             The game lasted 00:08:22 (3097 turns).

toffzen the Grave Robber (Deep Dwarf Necromancer)   Turns: 3097, Time: 00:08:22

Health: -2/45      AC:  3    Str: 11    XL:     5   Next: 51%
Magic:  5/9        EV: 12    Int: 17    God:
Gold:   107        SH:  0    Dex: 13    Spells: 0/9 levels left

rFire    . . .     SeeInvis .   a - +0 hand axe
rCold    . . .     Gourm    .   (no shield)
rNeg     . . .     Faith    .   q - +0 robe {MR+}
rPois    .         Spirit   .   o - +0 hat
rElec    .         Reflect  .   (no cloak)
rCorr    .         Harm     .   (no gloves)
MR       +....                  k - +0 pair of boots
Stlth    ++........             (no amulet)
HPRegen  0.00/turn              (no ring)
MPRegen  0.11/turn              (no ring)

@: non-regenerating
A: damage resistance, heal wounds, sense surroundings 1, no regeneration
a: Heal Wounds


You were on level 2 of the Dungeon.
You were not hungry.

You visited 1 branch of the dungeon, and saw 3 of its levels.

You collected 107 gold pieces.

Inventory:

Hand Weapons
 a - a +0 hand axe (weapon)
 h - a +0 dagger
Missiles
 d - 102 stones (quivered)
 p - 5 needles of sleeping
Armour
 i - a +0 robe
 k - a +0 pair of boots (worn)
 n - a +0 leather armour
 o - a +0 hat (worn)
 q - a +0 robe of magic resistance (worn)
Scrolls
 b - 2 scrolls of remove curse
 e - a scroll of enchant weapon
 f - a scroll of random uselessness {unknown}
 l - 3 scrolls of teleportation
 s - a scroll of magic mapping {unknown}
Potions
 g - a potion of agility
 m - 4 potions of curing
 r - a potion of degeneration {unknown}
Comestibles
 c - 3 rations
 j - a chunk of flesh


   Skills:
 + Level 2.2 Fighting
 - Level 2.1 Dodging
 - Level 2.4 Stealth
 + Level 2.8 Spellcasting
 * Level 6.1 Necromancy


You couldn't memorise any spells.
You knew the following spells:

 Your Spells              Type           Power        Failure   Level  Hunger
a - Pain                  Necr           ###.         1%          1    #......
b - Animate Skeleton      Necr           N/A          1%          1    #......
c - Vampiric Draining     Necr           ###.......   4%          3    ###....
d - Animate Dead          Necr           N/A          14%         4    #####..

Your spell library contained the following spells:

 Spells                   Type           Power        Failure   Level  Hunger
 Regeneration             Chrm/Necr      Unusable     N/A         3    N/A

Dungeon Overview and Level Annotations

Branches:
Dungeon (3/15)

Altars:
Dithmenos
Okawaru


Innate Abilities, Weirdness & Mutations

You are resistant to damage.
You can heal yourself by infusing magical energy.
You passively map a small area around you.
You do not regenerate.


Message History

The magic dart hits you!
* * * LOW HITPOINT WARNING * * *
Something hits you but does no damage.
Unknown command.
Casting: Pain (safe; 1% risk of failure)
Confirm with . or Enter, or press ? or * to list all spells.
Aiming: Pain (safe; 1% risk of failure)
Press: ? - help, Shift-Dir - straight line Nothing appears to happen.
Something hits you but does no damage.
Casting: Pain (safe; 1% risk of failure)
Confirm with . or Enter, or press ? or * to list all spells.
Aiming: Pain (safe; 1% risk of failure)
Press: ? - help, Shift-Dir - straight line, f - you
Okay, then.
Unknown command.
You fail to use your ability.
You hear some strange, mumbled words.
A puff of flame appears from out of thin air!
The puff of flame hits you!
You die...

......Z...#8.........8######.#
......Z...'.........))'..#...#
..........#8.........8#..#.###
..........##.........##..#.####
....##.....##8.....8###'##....###
....##......##.....###...........
....##.......##8.8## #...).......
######>.......##'### #...........
# #.#####..##@..# #........... #
#.......>.{######........... #
##.......................... #
#......................#### #
#......................#
#......................#
#.....#.#.#.#..........#
#......................#
#.....#.#.#.#.##########


There were no monsters in sight!

Vanquished Creatures
  A bullfrog (D:2)
  7 adders
  An ooze (D:1)
  2 worms
  A leopard gecko (D:1)
  An orc (D:3)
  3 giant cockroaches
  4 hobgoblins
  4 jackals (D:1)
  2 quokkas (D:2)
  A ball python (D:1)
  12 bats
  3 frilled lizards
  10 goblins
  4 kobolds
  11 rats
67 creatures vanquished.

Vanquished Creatures (collateral kills)
  A leopard gecko (D:2)
  A goblin (D:2)
  A hobgoblin (D:2)
  A rat (D:2)
4 creatures vanquished.

Grand Total: 71 creatures vanquished

Notes
Turn   | Place    | Note
-------+----------+-------------------------------------------
     0 | D:1      | toffzen the Deep Dwarf Necromancer began the quest for the
                  | Orb.
     0 | D:1      | Reached XP level 1. HP: 15/15 MP: 3/3
    51 | D:1      | Learned a level 1 spell: Animate Skeleton
   179 | D:1      | Reached XP level 2. HP: 21/24 MP: 0/4
   853 | D:1      | Reached skill level 1 in Fighting
   926 | D:1      | Reached skill level 5 in Necromancy
   940 | D:1      | Reached XP level 3. HP: 25/31 MP: 3/6
  1246 | D:1      | Learned a level 3 spell: Vampiric Draining
  1779 | D:2      | Reached XP level 4. HP: 19/38 MP: 2/7
  1935 | D:2      | Noticed a bullfrog
  1953 | D:2      | Killed a bullfrog
  1953 | D:2      | Reached XP level 5. HP: 9/45 MP: 0/8
  2474 | D:2      | Found an iron altar of Okawaru.
  2478 | D:2      | Reached skill level 6 in Necromancy
  2960 | D:3      | Learned a level 4 spell: Animate Dead
  3044 | D:3      | Found a shadowy altar of Dithmenos.
  3095 | D:2      | HP: 2/45 [something/magic dart (8)]
  3097 | D:2      | Killed from afar by an orc wizard

Vault maps used:
D:1:      ebering_trefoil_twist, minmay_unequal
D:2:      kennysheep_okawaru_gauntlet, serial_glass, glass_columns_a,
          glass_columns_c, dk_noncrumbling_4
D:3:      first_ration, st_stairs_7, minmay_item_behind_shaft,
          minmay_misc_feat_diagonals, nicolae_dithmenos_through_a_glass_darkly

Skill      XL: |  1  2  3  4  5 |
---------------+----------------+-----
Spellcasting   | 2 |  2.8
Fighting       | 1 2 |  2.2
Necromancy     | 5 6 |  6.1
Dodging        | |  2.1
Stealth        | |  2.4

Action                   |  1- 3 |  4- 6 || total
-------------------------+-------+-------++-------
Melee: Unarmed           |    22 |       ||    22
       Dagger            |     5 |       ||     5
       Hand axe          |     6 |     1 ||     7
 Cast: Pain              |    74 |    48 ||   122
       Animate Skeleton  |    16 |     5 ||    21
       Vampiric Draining |       |     6 ||     6
 Abil: Heal Wounds       |     1 |       ||     1
  Use: Scroll            |       |     5 ||     5
  Eat: Chunk             |     4 |     2 ||     6
       Ration            |       |     1 ||     1
Armor: Robe              |     7 |     6 ||    13
Dodge: Dodged            |    59 |    15 ||    74

Table legend:
 A = Non-vault XP
 B = Vault XP
 C = Vault XP percentage of total XP
 D = Non-vault monster count
 E = Vault monster count
 F = Vault count percentage of total count
                 A         B        C        D         E       F
            +---------+---------+-------+---------+---------+-------
      Total |     281 |      10 |   3.4 |      66 |       5 |   7.0
            +---------+---------+-------+---------+---------+-------
        D:1 |      54 |       2 |   3.6 |      33 |       1 |   2.9
        D:2 |     192 |       4 |   2.0 |      28 |       2 |   6.7
        D:3 |      35 |       4 |  10.3 |       5 |       2 |  28.6
            +---------+---------+-------+---------+---------+-------
